 Dungeon Crawl Stone Soup version 0.31-a0-174-g85c54bcb58 (webtiles) character file.

Game seed: 4513982942177357391

46 qw the Shooter (level 3, -3/22 HPs)
             Began as a Gargoyle Hunter on June 15, 2023.
             Slain by a gnoll
             ... wielding a +0 antimagic halberd
              (11 damage)
             ... on level 2 of the Dungeon.
             The game lasted 00:00:30 (917 turns).

qw the Shooter (Gargoyle Hunter)                     Turns: 917, Time: 00:00:31

Health: -3/22      AC:  6    Str: 14    XL:     3   Next: 68%
Magic:  0/3        EV: 11    Int:  9    God:
Gold:   92         SH:  0    Dex: 15    Spells: 2/2 levels left

rFire   . . .        Y - +0 shortbow
rCold   + . .        (shield currently unavailable)
rNeg    + . .        c - +0 leather armour
rPois   inf          (no helmet)
rElec   +            (no cloak)
rCorr   .            (no gloves)
SInv    .            (no boots)
Will    .....        (no amulet)
Stlth   ++           h - ring of protection from cold
HPRegen 0.23/turn    (no ring)
MPRegen 0.08/turn

%: no passive effects
@: no status effects
A: sickness immunity, AC +3, negative energy resistance 1, electricity
resistance, torment resistance 1, petrification resistance
a: no special abilities


You were on level 2 of the Dungeon.
You visited 1 branch of the dungeon, and saw 2 of its levels.

You collected 92 gold pieces.


Innate Abilities, Weirdness & Mutations

You are immune to sickness and miasma.
Your stone body is resilient. (AC +3)
You are immune to poison.
You resist negative energy. (rN+)
You are resistant to electric shocks. (rElec)
You are resistant to unholy torment.
You are immune to petrification.


   Skills:
 + Level 2.9 Fighting
 - Level 5.0 Ranged Weapons
 - Level 1.5 Dodging
 - Level 1.1 Stealth


You had 2 spell levels left.
You didn't know any spells.
Your spell library was empty.

Inventory:

Hand Weapons
 Y - a +0 shortbow (weapon)
Armour
 c - a +0 leather armour (worn)
Jewellery
 h - a ring of protection from cold (left hand)
 j - a ring of ice
Scrolls
 a - 2 scrolls of teleportation
Potions
 b - a potion of might {unknown}
 d - a potion of heal wounds {unknown}
 e - 2 potions of brilliance {unknown}

Dungeon Overview and Level Annotations

Branches:
Dungeon (2/15)

Altars:


Message History

You shoot an arrow. The arrow barely misses the kobold.
The kobold completely misses you.
You shoot an arrow. The arrow closely misses the kobold.
The kobold barely misses you.
You shoot an arrow.
The arrow hits the kobold but does no damage.
The kobold barely misses you.
A gnoll comes into view. It is wielding a +0 antimagic halberd.
The kobold hits you with a +0 club.
You shoot an arrow. The gnoll shouts!
The arrow hits the kobold but does no damage.
A gnoll comes into view. It is wielding a +0 spear.
The kobold barely misses you.
You shoot an arrow. The arrow hits the kobold.
You kill the kobold!
You shoot an arrow. The arrow hits the gnoll.
The gnoll is moderately wounded.
A rat comes into view.
You shoot an arrow. The arrow hits the gnoll.
The gnoll is moderately wounded.
A gnoll comes into view. It is wielding a +0 whip.
You shoot an arrow. The arrow hits the gnoll.
The gnoll is heavily wounded.
A bat comes into view.
The gnoll hits you from afar with a +0 antimagic halberd.
You feel your power leaking away.
A gnoll comes into view. It is wielding a +0 spear.
You shoot an arrow. The arrow closely misses the gnoll. x2
The gnoll shouts!
The gnoll misses you. The gnoll hits you but does no damage.
You shoot an arrow. The arrow barely misses the gnoll.
The bat completely misses you.
The gnoll hits you from afar with a +0 antimagic halberd.
The gnoll hits you from afar with a +0 spear.
You shoot an arrow. The arrow hits the bat!
You kill the bat!
The gnoll hits you from afar with a +0 antimagic halberd!
Ouch! That really hurt!
You die...

.#. # .. .# .#. #
######.. .#
#.....########.# .
#.....##......)#..
#.................
+.....##..........
#.....##..@.......
#.....##..%)g.....
#.#.####....g.....
#.#.# ####.rg.g..
#.#.## .......
#....# .......
#....# .?.....
#....# $$.....
....# #.#.##


You could see 4 gnolls and a rat.

Vanquished Creatures
  A worm (D:2)
  2 dart slugs (D:1)
  4 endoplasms
  2 goblins (D:1)
  6 hobgoblins
  4 jackals (D:1)
  A quokka (D:1)
  7 bats
  3 frilled lizards (D:1)
  4 kobolds
  3 rats
37 creatures vanquished.

Notes
Turn   | Place    | Note
-------+----------+-------------------------------------------
     0 | D:1      | qw the Gargoyle Hunter began the quest for the Orb.
     0 | D:1      | Reached XP level 1. HP: 12/12 MP: 1/1
     0 | D:1      | 0 ||| qw: Version: 0.2-a-29-g511e9b1
     0 | D:1      | 0 ||| qw: Game counter: 5196
     0 | D:1      | 0 ||| qw: Always use a shield: true
     0 | D:1      | 0 ||| qw: God list: Okawaru
     0 | D:1      | 0 ||| qw: Allow faded altars: false
     0 | D:1      | 0 ||| qw: Do Orc after D:15 true
     0 | D:1      | 0 ||| qw: Do second Lair branch before Depths: true
     0 | D:1      | 0 ||| qw: Lair rune preference: random
     0 | D:1      | 0 ||| qw: Plans: Normal, Zot:1-4, Slime:5, God:TSO, Crypt,
                  | Tomb, Abyss, Pan, Hells, Win
     0 | D:1      | 0 ||| PLANNING D:1-11
   223 | D:1      | Reached XP level 2. HP: 17/17 MP: 2/2
   335 | D:1      | Found a faded altar of an unknown god.
   494 | D:1      | HP: 2/17 [dart slug/slug dart (4)]
   496 | D:1      | Reached XP level 3. HP: 3/21 MP: 3/3
   510 | D:1      | HP: 4/21 [bat (1)]
   514 | D:1      | Reached skill level 5 in Ranged Weapons
   813 | D:1      | 813 ||| UPGRADING to ring of protection from cold.
   814 | D:1      | 814 ||| READING 2 scrolls labelled AZXICOIMAI.
   819 | D:1      | 819 ||| READING scroll labelled MIOJOSK JISKE.
   820 | D:1      | 820 ||| READING scroll labelled XUJIMIEXKE.
   821 | D:1      | 821 ||| READING scroll labelled ZOAGAPSE NAPPYC.
   822 | D:1      | 822 ||| DROPPING scroll of butterflies.
   917 | D:2      | Slain by a gnoll

Levels and vault maps discovered:
D:1:      giann_bridges, layout_loops_ring, shapermc_ecumenical_altar_ellora,
          serial_glass, glass_columns_b, glass_columns_a
D:2:      layout_basic, minmay_misc_feat_nine_boxes,
          chequers_serial_rivers_small_3, hangedman_feature_mirror

Skill      XL: |  1  2  3 |
---------------+----------+-----
Ranged Weapons | 5 |  5.0
Fighting       | |  2.9
Dodging        | |  1.5
Stealth        | |  1.1

Action                     || total
---------------------------++-------
   Fire: Shortbow          ||   141
    Use: Scroll            ||     4
 Armour: Leather armour    ||    35
  Dodge: Dodged            ||    78

Table legend:
 A = Non-vault XP
 B = Vault XP
 C = Vault XP percentage of total XP
 D = Non-vault monster count
 E = Vault monster count
 F = Vault count percentage of total count
                 A         B        C        D         E       F
            +---------+---------+-------+---------+---------+-------
      Total |      67 |       2 |   2.9 |      36 |       1 |   2.7
            +---------+---------+-------+---------+---------+-------
        D:1 |      53 |       0 |   0.0 |      30 |       0 |   0.0
        D:2 |      14 |       2 |  12.5 |       6 |       1 |  14.3
            +---------+---------+-------+---------+---------+-------
